 Dungeon Crawl Stone Soup version 0.20-a0-38-g7d30548 (webtiles) character file.

39627 sveltemanboy the Spear-Bearer (level 13, -1/100 HPs)
             Began as a Demonspawn Gladiator on Nov 9, 2016.
             Was the Champion of Ru.
             Slain by a komodo dragon (5 damage)
             ... on level 5 of the Lair of Beasts on Nov 10, 2016.
             The game lasted 01:00:21 (23972 turns).

sveltemanboy the Spear-Bearer (DsGl)               Turns: 23972, Time: 01:00:22

Health: -1/100     AC: 21    Str: 23    XL:     13   Next: 70%
Magic:  0/21       EV:  8    Int:  9    God:    Ru [******]
Gold:   1081       SH:  0    Dex: 15    Spells: 0 memorised, 12 levels left

rFire  + . .     SeeInvis +     t - +3 halberd (freeze)
rCold  + + .     Gourm    .     P - +2 plate armour {MR+}
rNeg   . . .     Faith    .     (shield currently unavailable)
rPois  .         Spirit   +     q - +0 hat
rElec  .         Reflect  .     v - +2 cloak
rCorr  .         Harm     .     g - +1 pair of gloves {Str+3}
MR     +....                    (boots unavailable)
Stlth  ..........               (no amulet)
                                b - ring of Asenom {*Corrode +Fly rC+ SInv Stlth+}
                                L - ring of protection from fire

@: no potions, horrified
A: antennae 1, talons 3, molten scales 1, cold resistance 1, powered by pain 1,
robust 1, wild magic 1, magic shield, magic regeneration, magic link, inability
to drink while threatened, no stealth, cowardly, no charms magic, no ice magic,
no necromancy magic, unskilled 1, missing an eye
a: Draw Out Power, Power Leap, Apocalypse, Renounce Religion, Evoke Flight


You were on level 5 of the Lair of Beasts.
You worshipped Ru.
Ru was exalted by your worship.
You were hungry.

You visited 2 branches of the dungeon, and saw 17 of its levels.
You also visited: Labyrinth, Sewer and Ice Cave.

You collected 1226 gold pieces.
You spent 145 gold pieces at shops.

Inventory:

Hand Weapons
 a - a +3 glaive of freezing
 t - a +3 halberd of freezing (weapon)
Armour
 g - a +1 pair of gloves of strength (worn)
 q - a +0 hat (worn)
 v - a +2 cloak (worn)
 P - a +2 plate armour of magic resistance (worn)
Rods
 d - a +1 rod of shadows (13/15)
   (You found it on level 2 of the Lair of Beasts)
Jewellery
 b - the ring of Asenom (right hand) {*Corrode +Fly rC+ SInv Stlth+}
   (You bought it in a shop on level 4 of the Dungeon)

   [ring of stealth]

   It protects you from cold.
   It lets you see invisible.
   It lets you fly.
   It may corrode you when you take damage.
   It makes you more stealthy.
 h - an uncursed ring of positive energy
 i - an uncursed ring of flight
 L - a ring of protection from fire (left hand)
 Q - an uncursed ring of resist corrosion
Wands
 j - a wand of iceblast (4/15)
 n - a wand of disintegration (18/24)
 o - a wand of paralysis (9/24)
 y - a wand of acid (3/15)
 A - a wand of acid (1/15)
 E - a wand of teleportation (4/9)
 G - a wand of confusion (12/48)
 M - a wand of teleportation (3/9)
Scrolls
 e - a scroll of recharging
 p - 5 scrolls of remove curse
 B - 5 scrolls of fog
 H - 2 scrolls of teleportation
 I - 3 scrolls of magic mapping
 J - a scroll of blinking
 K - a scroll of identify
Potions
 m - a potion of resistance
 r - a potion of ambrosia
 u - 3 potions of flight
 z - 2 potions of cancellation
 D - 5 potions of invisibility
Miscellaneous
 l - a disc of storms
 s - a lamp of fire
 O - a phial of floods
Comestibles
 f - 10 bread rations
 k - 6 meat rations
 x - 7 beef jerkies
 C - a fruit
 F - 10 slices of pizza


   Skills:
 - Level 5.1 Fighting
 * Level 14.6 Polearms
 - Level 1.5 Throwing
 - Level 5.0 Armour
 - Level 3.0 Dodging
   Level 5.0 Shields
 + Level 11.3 Evocations


You had 12 spell levels left.
You didn't know any spells.

Dungeon Overview and Level Annotations

Branches:
Dungeon (12/15)            Temple (0/1) D:4            Lair (5/6) D:10
 Shoals (0/4) Lair:3        Snake (0/4) Lair:3        Slime (0/5) Lair:5
    Orc (0/2) D:11

Altars:
Dithmenos
Gozag
Hepliaklqana
Nemelex Xobeh
Ru
Trog
Yredelemnul
Zin
Jiyva

Shops:
D:4 *   D:5 *

Annotations:
D:10 exclusion: oklob plant
D:11 3 runed doors, exclusion: orange crystal statue


Innate Abilities, Weirdness & Mutations

You have claws for feet.
You are partially covered in molten scales. (AC +2)
You sometimes gain a little power by taking damage.
When hurt, damage is shared between your health and your magic reserves.
You regenerate magic rapidly.
When low on magic, you restore magic in place of health.
You cannot drink potions while threatened.
You cannot be stealthy.
Your cowardice makes you less effective in combat with threatening monsters.
You cannot study or cast Charms magic.
You cannot study or cast Ice magic.
You cannot study or cast Necromancy magic.
You are somewhat unskilled. (-1 Apt)
You are missing an eye, making it more difficult to aim.
You have a pair of small antennae on your head.
Your flesh is cold resistant. (rC+)
You are robust. (+10% HP)
Your spells are a little harder to cast, but a little more powerful.


Message History

You slash the komodo dragon! You freeze the komodo dragon.
Your kick misses the komodo dragon.
The komodo dragon is moderately wounded.
The spiny frog closely misses you.
The komodo dragon bites you but does no damage.
You hit the komodo dragon but do no damage.
The komodo dragon is moderately wounded.
The spiny frog stings you but does no damage.
You hit the komodo dragon. You freeze the komodo dragon.
You claw the komodo dragon, but do no damage.
The komodo dragon is moderately wounded.
The komodo dragon closely misses you. The spiny frog stings you!
* * * LOW HITPOINT WARNING * * *
You puncture the komodo dragon! You freeze the komodo dragon.
The komodo dragon is severely wounded.
The spiny frog stings you!
* * * LOW HITPOINT WARNING * * *
You focus your will and illuminate the spiny frog in retribution!
The komodo dragon bites you!
You die...

## ## ## P# #.#
#### ##.### ..#
...#..##..##...#.#
...
.................#
...
.<...............#
...
.................#
...
.>....l@..........
...
._....P.F.....[...
...
....####..........
... ..P
###.......# ... #
#........# #..
##.......## .
##........#
##.........P
##..........#


You could see a komodo dragon and a spiny frog.

Vanquished Creatures
  Rupert (Lair:5)
  Gastronok (D:9)
  A hydra (Lair:1)
  2 death yaks (Lair:5)
  The ghost of mrath the Cleaver, a novice HOFi of Beogh (D:7)
  An unseen horror (D:11)
  Pikel (D:5)
  2 hill giants
  A lindwurm (Lair:4)
  2 ugly things
  A manticore (D:11)
  2 black mambas
  A cyclops (D:11)
  A merfolk siren (Lair:3)
  5 elephants
  Maurice (D:11)
  A centaur zombie (D:10)
  2 ice statues (IceCv)
  8 spiny frogs
  5 komodo dragons
  6 ice devils (IceCv)
  A rime drake (Lair:2)
  3 trolls
  The ghost of sveltemanboy the Poker, an amateur DsGl of Okawaru (D:4)
  A hippogriff (Lair:1)
  7 blink frogs
  33 yaks
  A basilisk (Lair:4)
  3 wyverns
  Eustachio (D:6)
  4 hungry ghosts
  2 steam dragons (D:6)
  13 water moccasins
  Duvessa (D:6)
  6 porcupines
  An orc warrior (D:9)
  2 phantoms
  A slave (D:6)
  5 black bears
  4 sky beasts
  An ice beast (D:8)
  3 ogres
  9 wolves
  3 centaurs
  12 crocodiles
  3 big kobolds
  12 bullfrogs
  Dowan (D:6)
  5 scorpions
  14 killer bees
  4 wights (D:10)
  4 howler monkeys
  A crimson imp (D:8)
  2 bullfrog zombies
  2 jellies (D:9)
  A quasit (D:4)
  4 hounds
  5 orc priests
  4 bullfrog skeletons
  4 centaur skeletons
  5 orc wizards
  3 iguanas
  2 hell rats (D:7)
  8 worker ants
  6 ogre zombies (D:11)
  A hound skeleton (D:10)
  2 worker ant zombies
  8 gnolls
  A howler monkey skeleton (D:4)
  25 adders
  8 river rats
  3 shadow imps
  13 white imps
  13 ufetubi (IceCv)
  An ooze (D:2)
  2 adder skeletons
  An adder zombie (D:7)
  A worm (D:5)
  5 dart slugs
  4 leopard geckos
  34 orcs
  4 bats
  7 giant cockroaches
  9 goblins
  8 hobgoblins
  24 jackals
  2 quokkas
  2 ball pythons (Lair:3)
  2 frilled lizards
  3 goblin skeletons (D:11)
  2 goblin zombies (D:11)
  A hobgoblin skeleton (D:11)
  3 hobgoblin zombies (D:11)
  A jackal zombie (D:7)
  25 kobolds
  2 leopard gecko skeletons
  10 orc zombies (D:11)
  A quokka skeleton (D:3)
  37 rats
519 creatures vanquished.

Vanquished Creatures (collateral kills)
  A reaper (IceCv)
  A minotaur (Lab)
  A hydra (Lair:5)
  A death yak (Lair:5)
  2 elephants (Lair:5)
  2 ice devils (IceCv)
  5 blink frogs
13 creatures vanquished.

Vanquished Creatures (others)
  The ghost of namnharef the Fighter, a journeyman GrBe of Trog (IceCv)
  2 spiny frogs
  A hippogriff (Lair:4)
  A yak (Lair:1)
  A porcupine (Lair:5)
  2 slaves (D:6)
  A bullfrog (D:11)
  4 white imps (IceCv)
  2 ufetubi (IceCv)
  A ball python (Lair:3)
  A fungus (D:6)
17 creatures vanquished.

Grand Total: 549 creatures vanquished

Notes
Turn   | Place    | Note
-------+----------+-------------------------------------------
     0 | D:1      | sveltemanboy the Demonspawn Gladiator began the quest for the Orb.
     0 | D:1      | Reached XP level 1. HP: 16/16 MP: 1/1
    44 | D:1      | Reached skill level 3 in Polearms
    54 | D:1      | Gained mutation: When hurt, damage is shared between your health and your magic reserves. [demonic ancestry]
    54 | D:1      | Reached XP level 2. HP: 16/22 MP: 2/2
   190 | D:1      | Reached skill level 1 in Armour
   657 | D:2      | Reached XP level 3. HP: 27/27 MP: 3/3
  1133 | D:2      | Gained mutation: You regenerate magic rapidly. [demonic ancestry]
  1133 | D:2      | Reached XP level 4. HP: 33/33 MP: 4/4
  1180 | D:2      | Reached skill level 4 in Polearms
  1218 | D:2      | Found a sparkling altar of Nemelex Xobeh.
  1463 | D:3      | Found a sacrificial altar of Ru.
  1486 | D:3      | Became a worshipper of Ru the Awakened
  1702 | D:3      | Found a glowing drain.
  1709 | Sewer    | Entered a sewer
  1768 | Sewer    | Noticed a big kobold
  1787 | Sewer    | Killed a big kobold
  1787 | Sewer    | Reached skill level 1 in Evocations
  1787 | Sewer    | Gained mutation: When low on magic, you restore magic in place of health. [demonic ancestry]
  1787 | Sewer    | Reached XP level 5. HP: 30/38 MP: 3/5
  1816 | Sewer    | Found a glowing silver altar of Zin.
  1881 | D:3      | Found a faded altar of an unknown god.
  2658 | D:3      | Reached skill level 5 in Polearms
  2726 | D:4      | Reached skill level 1 in Shields
  2726 | D:4      | Reached XP level 6. HP: 44/44 MP: 7/7
  2746 | D:4      | Found Owotokhlo's Assorted Antiques.
  2770 | D:4      | Found a staircase to the Ecumenical Temple.
  2823 | D:4      | Gained mutation: You cannot be stealthy. [Ru sacrifice]
  3037 | D:4      | Found a hazy altar of Hepliaklqana.
  3092 | D:4      | Noticed sveltemanboy's ghost (amateur DsGl)
  3094 | D:4      | Killed sveltemanboy's ghost
  3094 | D:4      | Gained mutation: You have sharp toenails. [demonic ancestry]
  3094 | D:4      | Reached XP level 7. HP: 50/50 MP: 8/8
  3380 | D:4      | Gained mutation: Your flesh is cold resistant. (rC+) [potion of mutation]
  3380 | D:4      | Gained mutation: You have a pair of small antennae on your head. [potion of mutation]
  3380 | D:4      | Gained mutation: You are robust. (+10% HP) [potion of mutation]
  3392 | D:4      | Reached skill level 6 in Polearms
  3719 | D:5      | Entered Level 5 of the Dungeon
  3797 | D:5      | Found a shadowy altar of Dithmenos.
  4132 | D:5      | Found Fetuo's General Store.
  4198 | D:4      | Bought a sparkling golden ring for 145 gold pieces
  4199 | D:4      | Identified the ring of Asenom {*Corrode +Fly rC+ SInv Stlth+} (You bought it in a shop on level 4 of the Dungeon)
  4344 | D:5      | HP: 2/55 [gnoll/spear (6)]
  4354 | D:5      | HP: 1/55 [orc/mace (2)]
  5107 | D:6      | Noticed Dowan
  5126 | D:6      | Killed Dowan
  5126 | D:6      | Gained mutation: You are partially covered in molten scales. (AC +2) [demonic ancestry]
  5126 | D:6      | Reached XP level 8. HP: 55/61 MP: 10/10
  5272 | D:6      | Noticed Duvessa
  5310 | D:6      | Killed Duvessa
  5320 | D:6      | Reached skill level 7 in Polearms
  5442 | D:6      | Gained mutation: You are somewhat unskilled. (-1 Apt) [Ru sacrifice]
  5442 | D:6      | Reduced skill Fighting to level 1
  5442 | D:6      | Reduced skill Polearms to level 6
  5442 | D:6      | Reached * piety under Ru
  5442 | D:6      | Reached ** piety under Ru
  5449 | D:6      | Noticed Eustachio
  5495 | D:6      | HP: 3/60 [bat[Eustachio] (1)]
  5501 | D:6      | HP: 2/60 [bat[Eustachio] (1)]
  5506 | D:6      | HP: 2/60 [quokka[Eustachio] (1)]
  5891 | D:6      | Killed Eustachio
  6282 | D:6      | Noticed Pikel
  6342 | D:5      | Killed Pikel
  6342 | D:5      | Reached skill level 7 in Polearms
  6615 | D:6      | Reached XP level 9. HP: 33/67 MP: 2/12
  7174 | D:7      | Reached skill level 5 in Evocations
  7188 | D:7      | Reached skill level 8 in Polearms
  7528 | D:7      | Noticed a troll
  7539 | D:7      | Killed a troll
  7564 | D:7      | Noticed a yaktaur
  7564 | D:7      | Noticed an orb spider
  7564 | D:7      | a yaktaur changed into an orb spider
  7568 | D:7      | Noticed a hill giant
  7680 | D:7      | Reached skill level 5 in Shields
  7851 | D:7      | Noticed a great orb of eyes
  7854 | D:7      | Noticed a kobold demonologist
  7854 | D:7      | Noticed a white ugly thing
  7855 | D:7      | Noticed a green ugly thing
  7874 | D:7      | Found a glowing silver altar of Zin.
  7874 | D:7      | Noticed an angel
  8308 | D:7      | Noticed mrath's ghost (novice HOFi)
  8329 | D:7      | Killed mrath's ghost
  8329 | D:7      | Reached skill level 9 in Polearms
  8332 | D:7      | Reached XP level 10. HP: 32/73 MP: 8/14
  8681 | D:7      | Noticed a cyan ugly thing
  8698 | D:7      | Killed a cyan ugly thing
  9094 | D:8      | Found an opulent altar of Gozag.
  9388 | D:8      | Gained mutation: You cannot drink potions while threatened. [Ru sacrifice]
  9388 | D:8      | Reached *** piety under Ru
 10419 | D:9      | Reached skill level 10 in Polearms
 10479 | D:9      | Noticed Gastronok
 10497 | D:9      | Killed Gastronok
 10577 | D:9      | Gained mutation: You have razor-sharp toenails. [demonic ancestry]
 10577 | D:9      | Reached XP level 11. HP: 22/83 MP: 7/16
 11433 | D:9      | Found a bloodstained altar of Trog.
 11561 | D:9      | Gained mutation: You cannot study or cast Ice magic. [Ru sacrifice]
 11561 | D:9      | Gained mutation: You cannot study or cast Necromancy magic. [Ru sacrifice]
 11561 | D:9      | Gained mutation: You cannot study or cast Charms magic. [Ru sacrifice]
 11561 | D:9      | Reached **** piety under Ru
 11861 | D:10     | Entered Level 10 of the Dungeon
 11877 | D:10     | Found a basalt altar of Yredelemnul.
 11878 | D:10     | Noticed an oklob plant
 11987 | D:10     | Found a staircase to the Lair.
 12606 | D:10     | Noticed a hill giant
 12612 | D:10     | Killed a hill giant
 12612 | D:10     | Reached skill level 11 in Polearms
 13436 | D:10     | Reached skill level 5 in Fighting
 13978 | D:11     | Found a staircase to the Orcish Mines.
 14019 | D:11     | Identified a scroll of acquirement
 14087 | D:11     | Found a runed door.
 14113 | D:11     | Found a runed door.
 14124 | D:11     | Found a runed door.
 14128 | D:11     | Noticed a hill giant
 14142 | D:11     | Killed a hill giant
 14166 | D:11     | Noticed an orange crystal statue
 14178 | D:11     | Found a runed door.
 14191 | D:11     | Noticed Maurice
 14282 | D:11     | Killed Maurice
 14615 | D:11     | Gained mutation: Your cowardice makes you less effective in combat with threatening monsters. [Ru sacrifice]
 14615 | D:11     | Reached ***** piety under Ru
 14691 | D:11     | Noticed a purple ugly thing
 14726 | D:11     | Killed a purple ugly thing
 15108 | D:11     | Noticed an unseen horror
 15165 | D:11     | Killed an unseen horror
 15165 | D:11     | Reached skill level 12 in Polearms
 15296 | D:11     | Noticed a skeletal warrior
 15301 | D:11     | Noticed a skeletal warrior
 15303 | D:11     | Noticed a skeletal warrior
 15568 | Lair:1   | Entered Level 1 of the Lair of Beasts
 15576 | D:10     | Gained mutation: You sometimes gain a little power by taking damage. [demonic ancestry]
 15576 | D:10     | Reached XP level 12. HP: 92/94 MP: 16/18
 15741 | D:10     | Gained mutation: You have claws for feet. [potion of beneficial mutation]
 15742 | D:10     | Gained mutation: Your spells are a little harder to cast, but a little more powerful. [potion of beneficial mutation]
 15825 | Lair:1   | Noticed a five-headed hydra
 15834 | Lair:1   | Killed a five-headed hydra
 17028 | Lair:1   | Upgraded the game from 0.20-a0-33-g996f6e0 to 0.20-a0-38-g7d30548
 17055 | Lair:2   | Identified a -1 rod of shadows (14/14) (You found it on level 2 of the Lair of Beasts)
 17147 | Lair:2   | Reached skill level 5 in Armour
 17205 | Lair:2   | Gained mutation: You are missing an eye, making it more difficult to aim. [Ru sacrifice]
 17205 | Lair:2   | Reached ****** piety under Ru
 18290 | Lair:3   | Found a staircase to the Snake Pit.
 18423 | Lair:3   | Found a labyrinth entrance.
 18430 | Lab      | Entered a labyrinth
 18601 | Lab      | Noticed a minotaur
 18607 | Lab      | Killed a minotaur
 18621 | Lab      | Identified the Compendium of the Sunfish
 18711 | Lair:3   | Reached skill level 13 in Polearms
 19158 | Lair:3   | Reached skill level 10 in Evocations
 19983 | Lair:3   | Found a staircase to the Shoals.
 20540 | Lair:4   | Found a frozen archway.
 20581 | IceCv    | Entered an ice cave
 20623 | IceCv    | Reached XP level 13. HP: 99/100 MP: 20/20
 20794 | IceCv    | Killed namnharef's ghost
 20980 | IceCv    | Noticed a reaper
 21005 | IceCv    | Killed a reaper
 22055 | Lair:4   | Reached skill level 14 in Polearms
 22765 | Lair:5   | Noticed Rupert
 22804 | Lair:5   | Killed Rupert
 22806 | Lair:5   | HP: 5/100 [poisoned by a black mamba]
 22813 | Lair:5   | HP: 5/100 [poisoned by a black mamba]
 22821 | Lair:5   | HP: 5/100 [poisoned by a black mamba]
 23535 | Lair:5   | HP: 5/100 [poisoned by a black mamba]
 23535 | Lair:5   | HP: 2/100 [spiny frog (3)]
 23963 | Lair:5   | Found a staircase to the Slime Pits.
 23963 | Lair:5   | Found a viscous altar of Jiyva.
 23972 | Lair:5   | HP: 4/100 [spiny frog (8)]
 23972 | Lair:5   | Slain by a komodo dragon

Vault maps used:
D:1:      mrwooster_arrival_statue_3
D:2:      kb_forest_paths, old_standard_altar
D:3:      ecumenical_altar_2, first_bread, lightli_sewer_entry_pipes,
          grunt_ministairs_11, nicolae_ru_sacrificial_ziggurat
D:4:      minmay_diamond_boxcup, kennysheep_mini_moat, serial_shops,
          nicolae_shop_behind_doors
D:5:      nicolae_dithmenos_the_darkroom, serial_shops, shop_statue
D:6:      kennysheep_steamy, uniq_eustachio, uniq_duvessa, uniq_pikel
D:7:      lemuel_ratsnest, zin_angel, minmay_the_grid_2x2
D:8:      grunt_gozag_statues
D:9:      grunt_pizzeria, minivault_5, hex_medium, st_stairs_6,
          trog_ov_bears_minmay, uniq_gastronok
D:10:     david_lair_generic, lemuel_oklob_altar
D:11:     zombieorc1_lemuel, nicolae_wwwww, minmay_statue_crystal_thing,
          uniq_maurice
D:12:     orc_temple
Lair:3:   minmay_shoals_entry_lonely_mermaid, minmay_snake_entry_six_corridors,
          lab_entry_generic
Lair:4:   portal_ice_cave_entry_imps
Lair:5:   slime_altar_1, infiniplex_staircase_pool_2, grunt_megastairs_2,
          uniq_rupert
Lab:      nicolae_lab_dead_adventurers, nicolae_lab_do_over,
          nicolae_lab_flowing_pool, nicolae_lab_x, labyrinth_fake_exit,
          nicolae_lab_quarters
Sewer:    sewer_kobolds
IceCv:    ice_cave_small_demon

Skill      XL: |  1  2  3  4  5  6  7  8  9 10 11 12 13 |
---------------+----------------------------------------+-----
Polearms       | 3 4 5 6 7 9 10 12 13 14 | 14.6
Armour         | 1 2 3 5 |  5.0
Evocations     | 1 2 3 4 6 7 8 10 11 | 11.3
Shields        | 1 2 3 4 5 |  5.0
Fighting       | 1 2 3 5 |  5.1
Dodging        | 3 |  3.0
Throwing       | |  1.5

Action                   |  1- 3 |  4- 6 |  7- 9 | 10-12 | 13-15 || total
-------------------------+-------+-------+-------+-------+-------++-------
Melee: Trident           |   126 |   206 |   536 |  2018 |   103 ||  2989
       Kick              |       |       |   136 |   268 |   111 ||   515
       Halberd           |       |       |       |       |   273 ||   273
       Glaive            |       |       |       |       |     5 ||     5
Throw: Throwing net      |     4 |       |     3 |     3 |       ||    10
Invok: Sacrifice Stealth |       |     1 |       |       |       ||     1
       Sacrifice Skill   |       |       |     1 |       |       ||     1
       Sacrifice Drink   |       |       |       |     1 |       ||     1
       Power Leap        |       |       |       |     2 |       ||     2
       Draw Out Power    |       |       |       |     1 |       ||     1
       Sacrifice Courage |       |       |       |     1 |       ||     1
       Sacrifice Arcana  |       |       |       |     1 |       ||     1
       Sacrifice an Eye  |       |       |       |     1 |       ||     1
Evoke: Wand              |       |     1 |    19 |    25 |    16 ||    61
       Rod               |       |       |       |     3 |    18 ||    21
       Lamp of fire      |       |       |       |       |     1 ||     1
  Use: Scroll            |       |       |     9 |    12 |     4 ||    25
       Potion            |       |       |     9 |     5 |     3 ||    17
 Stab: Paralysed         |       |       |    12 |    29 |     7 ||    48
       Held in net/web   |       |       |     1 |     2 |       ||     3
       Distracted        |       |       |     1 |    11 |     5 ||    17
       Invisible         |       |       |       |     7 |    10 ||    17
       Confused          |       |       |       |     5 |     1 ||     6
       Petrified         |       |       |       |     4 |       ||     4
       Petrifying        |       |       |       |     2 |       ||     2
  Eat: Chunk             |     1 |     7 |    17 |    47 |    10 ||    82
       Fruit             |       |       |       |       |     2 ||     2
       Royal jelly       |       |       |       |       |     1 ||     1
       Beef jerky        |       |       |       |       |     1 ||     1
Armor: Leather armour    |     8 |       |    57 |       |       ||    65
       Ring mail         |    16 |    71 |     2 |       |       ||    89
       Scale mail        |       |       |   166 |   191 |       ||   357
       Plate armour      |       |       |       |   345 |   156 ||   501
Dodge: Dodged            |    42 |   112 |   265 |   440 |    97 ||   956
Block: Buckler           |       |       |    16 |   354 |    41 ||   411
